 Dungeon Crawl Stone Soup version 0.31-a0-574-g69dc8cc98e (webtiles) character file.

Game seed: 10082616931836533394

23 motkurizz the Chiller (level 3, -6/24 HPs)
             Began as a Barachi Ice Elementalist on Aug 19, 2023.
             Engulfed by a cloud of flame (30 damage)
             ... on level 2 of the Dungeon.
             The game lasted 00:04:36 (1296 turns).

motkurizz the Chiller (Barachi Ice Elementalist)    Turns: 1296, Time: 00:04:36

Health: -6/24      AC:  3    Str:  9    XL:     3   Next: 0%
Magic:  7/7        EV: 12    Int: 17    God:
Gold:   62         SH:  0    Dex: 12    Spells: 0/7 levels left

rFire   . . .        g - +0 dagger
rCold   . . .        (no shield)
rNeg    . . .        a - +0 robe
rPois   .            (no helmet)
rElec   .            (no cloak)
rCorr   .            k - +0 pair of gloves
SInv    .            (no boots)
Will    .....        (no amulet)
Stlth   ++           (no ring)
HPRegen 0.24/turn    (no ring)
MPRegen 0.10/turn

%: no passive effects
@: slow
A: amphibious, slowness 1, strong legs 1, +LOS
a: Hop


You were on level 2 of the Dungeon.
You visited 1 branch of the dungeon, and saw 2 of its levels.

You collected 62 gold pieces.

Inventory:

Hand Weapons
 f - a +0 whip
 g - a +0 dagger (weapon)
 h - a +0 short sword
Armour
 a - a +0 robe (worn)
 k - a +0 pair of gloves (worn)
Jewellery
 d - an amulet of guardian spirit
Scrolls
 e - a scroll of teleportation {unknown}
 i - a scroll of silence {unknown}
 j - a scroll of enchant armour {unknown}
 l - a scroll of immolation {unknown}
 m - a scroll of identify {unknown}
Potions
 b - a potion of magic
 c - a potion of brilliance {unknown}
 n - a potion of cancellation {unknown}
 o - a potion of mutation {unknown}
 p - a potion of curing {unknown}


   Skills:
 - Level 2.1 Dodging
 - Level 1.7 Stealth
 * Level 2.6 Spellcasting
 + Level 5.5 Ice Magic


You couldn't memorise any spells.
You knew the following spells:

 Your Spells              Type           Power      Damage    Failure   Level
a - Frozen Ramparts       Ice            42%        1d7       5%          3
b - Ozocubu's Armour      Ice            21%        N/A       5%          3
f - Freeze                Ice            84%        1d9       1%          1

Your spell library contained the following spells:

 Spells                   Type           Power      Damage    Failure   Level
 Summon Guardian Golem    Hex/Summ       2%         N/A       47%         3
 Summon Ice Beast         Ice/Summ       11%        N/A       50%         4
 Orb of Destruction       Conj           1%         9d5       100%        7
 Spellforged Servitor     Conj/Summ      1%         N/A       100%        7


Dungeon Overview and Level Annotations

Branches:
Dungeon (2/15)

Altars:


Innate Abilities, Weirdness & Mutations

You are amphibious.
You cover ground slowly.
You can hop short distances.
You have an extended range of vision and can be seen from far away.


Message History

There is a stone staircase leading down here.
You climb downwards.
There is a stone staircase leading up here.
There is a stone staircase leading up here.
Found a stone staircase leading down.
You see here 2 large rocks.
You now have 62 gold pieces (gained 5).
A rat comes into view.
You hit the rat.
You kill the rat!
You have reached level 3!
Your experience leads to an increase in your attributes!
Increase (S)trength, (I)ntelligence, or (D)exterity?
You feel clever. x2
Casting: Freeze (safe; 1% risk of failure)
Confirm with . or Enter, or press ? or * to list all spells.
Okay, then.
This spell is quite dangerous to cast!
You start memorising the spell.
You continue memorising. x3
You finish memorising.
Spell assigned to 'a'.
This spell is quite dangerous to cast!
You start memorising the spell.
You continue memorising. x3
You finish memorising.
Spell assigned to 'b'.
Casting: Freeze (safe; 1% risk of failure)
Confirm with . or Enter, or press ? or * to list all spells.
Okay, then.
Found a chain mail.
p - a bubbling puce potion A goblin comes into view.
It is wielding a +0 dagger.
The goblin shouts!
The goblin is engulfed in blazing flames.
The goblin dies!
Okay, then.
Press: ? - help, v - describe, . - travel, g - get item Item here: 17 gold pieces.
The floor.
Unknown command.
You are engulfed in blazing flames.
Ouch! That really hurt!
You die...

#...#.# #.#.
#.##### ####
#.# # #.# §#
#.# §☼#
#.#####...##
#.[§$§..$$..
#..○§§.$[..§
##.@☼☼.$....
######...##
°☼# .


There were no monsters in sight!

Vanquished Creatures
  2 dart slugs (D:1)
  An endoplasm (D:1)
  2 goblins (D:1)
  2 hobgoblins (D:1)
  2 jackals (D:1)
  3 kobolds (D:1)
  2 ball pythons (D:1)
  4 rats
18 creatures vanquished.

Vanquished Creatures (others)
  A goblin (D:2)
1 creature vanquished.

Grand Total: 19 creatures vanquished

Notes
Turn   | Place    | Note
-------+----------+-------------------------------------------
     0 | D:1      | motkurizz the Barachi Ice Elementalist began the quest for
                  | the Orb.
     0 | D:1      | Reached XP level 1. HP: 13/13 MP: 3/3
   229 | D:1      | Reached skill level 5 in Ice Magic
   411 | D:1      | Reached XP level 2. HP: 19/19 MP: 3/5
  1237 | D:2      | Reached XP level 3. HP: 24/24 MP: 7/7
  1241 | D:2      | Learned a level 3 spell: Frozen Ramparts
  1245 | D:2      | Learned a level 3 spell: Ozocubu's Armour
  1296 | D:2      | Engulfed by a cloud of flame

Illustrated notes

Levels and vault maps discovered:
D:1:      grunt_arrival_crossed_arrows, layout_loops_ring
D:2:      layout_loops_ring, lemuel_flame_loot_1, uniq_robin

Skill      XL: |  1 |
---------------+----+-----
Ice Magic      | 5 |  5.5
Dodging        | |  2.1
Stealth        | |  1.7
Spellcasting   | |  2.6

Action                     || total
---------------------------++-------
  Melee: Unarmed           ||     7
         Whip              ||     2
         Dagger            ||     5
   Cast: Freeze            ||    27
Ability: Hop               ||     2
   Stab: Sleeping          ||     1
 Armour: Robe              ||     7
  Dodge: Dodged            ||    24

Table legend: (Time is in decaauts)
 A = Elapsed time spent in this place.
 B = Non-inter-level travel time spent in this place.
 C = Inter-level travel time spent in this place.
 D = Time resting spent in this place.
 E = Time spent auto-exploring this place.
 F = Levels seen in this place.
 G = Mean time per level.
                   A        B        C        D        E       F      G
               +--------+--------+--------+--------+--------+-----+--------+
         Total |   1478 |   1345 |    133 |    154 |    778 |   2 |  739.0 |
       Dungeon |   1478 |   1345 |    133 |    154 |    778 |   2 |  739.0 |
               +--------+--------+--------+--------+--------+-----+--------+

Top non-repeatable levels by time:
     D:1: 1321 daAuts
     D:2: 156 daAuts
